 Dungeon Crawl Stone Soup version 0.28-a0-385-g79de503ca0 (webtiles) character file.

Game seed: 7265397825289875419

59 Malachi the Insei (level 4, -4/32 HPs)
             Began as a Djinni Transmuter on Sept 3, 2021.
             Slain by a goblin (6 damage)
             ... led by Robin
             ... on level 2 of the Dungeon.
             The game lasted 00:02:14 (2207 turns).

Malachi the Insei (Djinni Transmuter)               Turns: 2207, Time: 00:02:15

Health: -4/32      AC:  2    Str:  9    XL:     4   Next: 22%
Gold:   72         EV:  9    Int: 15    God:
                   SH:  0    Dex: 14

rFire   + + .      SeeInvis .     - Unarmed
rCold   x . .      Faith    .   (no shield)
rNeg    . . .      Spirit   .   a - +0 robe
rPois   ∞          Reflect  .   (helmet currently unavailable)
rElec   .          Harm     .   (no cloak)
rCorr   .          Rampage  .   (no gloves)
Will    .....                   (boots unavailable)
Stlth   +.........              (no amulet)
HPRegen 0.10/turn               (no ring)
MPRegen 0.00/turn               (no ring)

@: appendages (expiring), flying, constricted
A: horns 2, flying, sickness immunity, fire resistance 2, cold vulnerability 1,
float, innate caster, hp casting, extra vitality 1
a: End Transformation


You were on level 2 of the Dungeon.
You had temporarily grown beastly horns.
You visited 1 branch of the dungeon, and saw 2 of its levels.

You collected 72 gold pieces.

Inventory:

Armour
 a - a +0 robe (worn)
Wands
 i - a wand of flame (7)
Scrolls
 d - a scroll of enchant armour {unknown}
 e - 2 scrolls of enchant weapon {unknown}
 g - a scroll of identify {unknown}
 h - a scroll of fear {unknown}
Potions
 c - 3 potions of attraction {unknown}
 f - a potion of degeneration {unknown}


   Skills:
 + Level 1.1 Fighting
 + Level 2.5 Dodging
 + Level 0.2 Stealth
 + Level 4.0 Unarmed Combat
 + Level 2.1 Spellcasting


You couldn't memorise any spells.
You knew the following spells:

 Your Spells              Type           Power      Damage    Failure   Level
a - Beastly Appendage     Tmut           16%        N/A       9%          1
b - Wereblood             Tmut           8%         N/A       14%         2
c - Spider Form           Tmut/Pois      4%         N/A       26%         3
d - Ice Form              Ice/Tmut       8%         N/A       65%         4
e - Pain                  Necr           32%        1d5       9%          1
Your spell library was empty.

Dungeon Overview and Level Annotations

Branches:
Dungeon (2/15)

Altars:

Annotations:
D:2 Robin


Innate Abilities, Weirdness & Mutations

You have temporarily grown beastly horns.
You are flying.
You are immune to sickness and miasma.
You are immune to poison.
Your flesh is very heat resistant. (rF++)
You are vulnerable to cold. (rC-)
You float through the air rather than walking.
You learn spells naturally, not from books.
Your magical power is your life essence.
You have superior vitality. (+4 HP)


Message History

A hobgoblin comes into view. 2 hobgoblins come into view.
Found 16 gold pieces.
The hobgoblin shouts! x2
Robin throws the goblin at you!
Your transformation is almost over.
The goblin shouts!
The ball python bites you. The ball python barely misses you.
The goblin completely misses you.
You hit the goblin but do no damage.
The ball python bites you but does no damage.
The ball python barely misses you. The goblin hits you with a +0 dagger.
The goblin hits you with a +0 club. x3
You barely miss the goblin. The ball python barely misses you.
The ball python misses you. The goblin hits you with a +0 club.
The goblin barely misses you.
You barely miss the goblin.
Robin roars a battlecry!
The goblins go into a battle-frenzy!
The goblin hits you with a +0 club. The ball python closely misses you.
The ball python barely misses you. The goblin hits you but does no damage.
The goblin closely misses you. The goblin hits you but does no damage.
You closely miss the goblin. Your headbutt misses the goblin.
The ball python closely misses you. The ball python barely misses you.
The goblin hits you but does no damage. The goblin barely misses you.
You hit the goblin. Your headbutt misses the goblin.
The goblin is heavily wounded.
The ball python barely misses you. The ball python closely misses you.
The goblin hits you with a +0 dagger. The goblin barely misses you.
The goblin hits you with a +0 club. The goblin misses you.
The ball python misses you. The ball python grabs you.
The ball python constricts you.
As you read the scroll labelled MYFAISI PAYTZ, it crumbles to dust.
It is a scroll of amnesia.
You feel forgetful for a moment. The goblin hits you with a +0 dagger.
* * * LOW HITPOINT WARNING * * *
The goblin hits you with a +0 club.
* * * LOW HITPOINT WARNING * * *
The goblin hits you but does no damage. The goblin hits you with a +0 club.
You die...

####### ....... .......
### ....... ..# # . #
....... ..## # #...###
....ggg #.. .####.....
..).ggS###.###..........
$....gSg##.#...# ###....
.....gg@g.....## #...###
..?..gg###.....# #.# #
......g #.##..# .
.###### ##.# .... # #..#
.# .. #.## ## #.# #.#
#####.####..# #


You could see Robin, 5 hobgoblins, 7 goblins and 2 ball pythons.

Vanquished Creatures
  A gnoll (D:1)
  2 adders (D:2)
  4 ball pythons
  3 endoplasms
  A giant cockroach (D:2)
  6 goblins
  2 hobgoblins (D:1)
  5 kobolds
  A bat (D:2)
  A frilled lizard (D:2)
  2 rats (D:1)
28 creatures vanquished.

Notes
Turn   | Place    | Note
-------+----------+-------------------------------------------
     0 | D:1      | Malachi the Djinni Transmuter began the quest for the Orb.
     0 | D:1      | Reached XP level 1. HP: 17/17 MP: 0/0
     2 | D:1      | Noticed a djinni
     2 | D:1      | Noticed a merfolk
     4 | D:1      | Noticed a spriggan
     4 | D:1      | Noticed a vampire
     6 | D:1      | Noticed an elf
     6 | D:1      | Noticed a barachi
     8 | D:1      | Noticed a vine stalker
     8 | D:1      | Noticed a naga
    10 | D:1      | Noticed a demonspawn
    10 | D:1      | Noticed a palentonga
    12 | D:1      | Noticed a dwarf
    14 | D:1      | Noticed an ogre
    14 | D:1      | Noticed a tengu
    16 | D:1      | Noticed an octopode
    16 | D:1      | Noticed a minotaur
    18 | D:1      | Noticed a felid
    18 | D:1      | Noticed a troll
    20 | D:1      | Noticed a ghoul
    20 | D:1      | Noticed a draconian
    22 | D:1      | Noticed a demigod
    22 | D:1      | Noticed a human
    24 | D:1      | Noticed a gargoyle
    26 | D:1      | Noticed a formicid
   426 | D:1      | Reached XP level 2. HP: 6/22 MP: 0/0
   888 | D:1      | Found a faded altar of an unknown god.
   978 | D:1      | Reached XP level 3. HP: 26/27 MP: 0/0
   978 | D:1      | Learned a level 1 spell: Pain
  1965 | D:2      | Reached XP level 4. HP: 24/32 MP: 0/0
  2061 | D:2      | Reached skill level 4 in Unarmed Combat
  2199 | D:2      | Noticed Robin
  2207 | D:2      | Slain by a goblin

Illustrated notes

Levels and vault maps discovered:
D:1:      kb_arrival_jail, layout_basic, hellmonk_ecumenical_altar_arch_garden
D:2:      layout_rooms, uniq_robin

Skill      XL: |  1  2  3  4 |
---------------+-------------+-----
Spellcasting   | 2 |  2.1
Unarmed Combat | 4 |  4.0
Fighting       | |  1.1
Dodging        | |  2.5
Stealth        | |  0.2

Action                   |  1- 3 |  4- 6 || total
-------------------------+-------+-------++-------
Melee: Unarmed           |    72 |    11 ||    83
       Headbutt          |    13 |     1 ||    14
       Punch             |     2 |       ||     2
 Cast: Beastly Appendage |    17 |     3 ||    20
  Use: Scroll            |       |     1 ||     1
Armor: Robe              |     7 |     5 ||    12
Dodge: Dodged            |    35 |    21 ||    56

Table legend: (Time is in decaauts)
 A = Elapsed time spent in this place.
 B = Non-inter-level travel time spent in this place.
 C = Inter-level travel time spent in this place.
 D = Time resting spent in this place.
 E = Time spent auto-exploring this place.
 F = Levels seen in this place.
 G = Mean time per level.
                   A        B        C        D        E       F      G
               +--------+--------+--------+--------+--------+-----+--------+
         Total |   2201 |   2193 |      8 |    408 |   1574 |   2 | 1100.5 |
       Dungeon |   2201 |   2193 |      8 |    408 |   1574 |   2 | 1100.5 |
               +--------+--------+--------+--------+--------+-----+--------+

Top non-repeatable levels by time:
     D:1: 1509 daAuts
     D:2: 691 daAuts
